 Dungeon Crawl Stone Soup version 0.26-a0-201-gb271ac0 (webtiles) character file.

Game seed: 6364018997516180391

175 Atlas the Chiller (level 5, -5/33 HPs)
             Began as an Octopode Ice Elementalist on July 6, 2020.
             Slain by Grinder (8 damage)
             ... while paralysed by Grinder
             ... on level 3 of the Dungeon.
             The game lasted 00:04:00 (4307 turns).

Atlas the Chiller (Octopode Ice Elementalist)       Turns: 4307, Time: 00:04:01

Health: -5/33      AC:  1    Str:  7    XL:     5   Next: 55%
Magic:  0/10       EV:  2    Int: 19    God:
Gold:   187        SH:  0    Dex: 12    Spells: 4/11 levels left

rFire    . . .     SeeInvis .   m - +2 dagger (holy)
rCold    . . .     Faith    .   (no shield)
rNeg     . . .     Spirit   +   (helmet restricted)
rPois    .         Reflect  .   h - amulet of guardian spirit (curse)
rElec    .         Harm     .   (no ring)
rCorr    .                      (no ring)
MR       .....                  (no ring)
Stlth    +++.......             (no ring)
HPRegen  0.11/turn              (no ring)
MPRegen  0.12/turn              (no ring)
                                (no ring)
                                (no ring)

@: paralysed, frozen ramparts
A: almost no armour, stealthy swim, amphibious, 8 rings, constrict 8, camouflage
1, gelatinous body 1
a: no special abilities


You were on level 3 of the Dungeon.
You were not hungry.

You visited 1 branch of the dungeon, and saw 3 of its levels.

You collected 187 gold pieces.

Inventory:

Hand Weapons
 m - a +2 dagger of holy wrath (weapon)
Jewellery
 h - a cursed amulet of guardian spirit (around mantle)
Scrolls
 a - a scroll of fear {unknown}
 c - 4 scrolls of identify {unknown}
 g - a scroll of teleportation {unknown}
 j - 4 scrolls of remove curse {unknown}
 l - a scroll of immolation {unknown}
Potions
 e - a potion of lignification {unknown}
 f - 2 potions of might {unknown}
 i - 2 potions of curing {unknown}
 k - a potion of stabbing {unknown}
 n - a potion of heal wounds {unknown}
Comestibles
 b - 9 rations


   Skills:
 + Level 1.2 Fighting
 + Level 2.2 Dodging
 + Level 3.8 Stealth
 + Level 3.5 Spellcasting
 + Level 5.0 Ice Magic


You had 4 spell levels left.
You knew the following spells:

 Your Spells              Type           Power        Failure   Level  Hunger
a - Freeze                Ice            ###.         1%          1    None
b - Frozen Ramparts       Ice            ###...       5%          3    ###....
c - Ozocubu's Armour      Chrm/Ice       ##......     16%         3    ###....

Your spell library contained the following spells:

 Spells                   Type           Power        Failure   Level  Hunger
 Hailstorm                Conj/Ice       ##......     45%         4    ####...
 Summon Ice Beast         Ice/Summ       ##......     45%         4    ####...


Dungeon Overview and Level Annotations

Branches:
Dungeon (3/15)

Altars:
Hepliaklqana

Annotations:
D:3 3 runed translucent doors, Cheivey's ghost, amateur FoFi; Grinder


Innate Abilities, Weirdness & Mutations

You cannot wear most types of armour.
You are very stealthy in the water. (Stealth+)
You are amphibious.
You can wear up to eight rings at the same time.
You can use your tentacles to constrict eight enemies at once.
Your skin changes colour to match your surroundings (Stealth+).
Your rubbery body absorbs attacks. (AC +1, EV +1)


Message History

You constrict Grinder.
Grinder completely resists.
The wall freezes Grinder but do no damage.
Grinder gestures at you. Pain shoots through your body!
Unknown command.
You hit Grinder.
Grinder convulses.
Grinder is severely wounded.
You constrict Grinder.
Grinder resists.
The wall freezes Grinder.
Grinder gestures at you.
You suddenly lose the ability to move!
You lose your grip on Grinder.
Grinder resists.
The wall freezes Grinder.
Grinder hits you.
* * * LOW HITPOINT WARNING * * *
You writhe in agony.
* * * LOW HITPOINT WARNING * * *
Grinder completely resists.
The wall freezes Grinder but do no damage.
Grinder hits you.
* * * LOW HITPOINT WARNING * * *
Grinder resists.
The wall freezes Grinder.
Grinder hits you!
You die...

............# #.#
#########
####........# #.#
#........# #.#
####.######## #.#
.....# #.#
##################.#
#....ยง......).....#
#.#################
#.# #.......@5.# #.#
#.########.# #.# #.#
#.# #(# ##.######.#
#.# ..........# #.#
##.###############.#
#.................#
###################


You could see Grinder.

Vanquished Creatures
  Robin (D:2)
  6 adders
  2 oozes
  3 worms (D:2)
  2 dart slugs
  5 leopard geckos
  4 orcs (D:3)
  18 goblins
  12 hobgoblins
  6 bats
  5 frilled lizards
  4 kobolds
  10 rats
78 creatures vanquished.

Notes
Turn   | Place    | Note
-------+----------+-------------------------------------------
     0 | D:1      | Atlas the Octopode Ice Elementalist began the quest for the
                  | Orb.
     0 | D:1      | Reached XP level 1. HP: 11/11 MP: 3/3
    16 | D:1      | Found a hazy altar of Hepliaklqana.
    93 | D:1      | Reached XP level 2. HP: 10/17 MP: 1/5
   833 | D:1      | Reached XP level 3. HP: 10/21 MP: 3/6
  1730 | D:2      | Learned a level 3 spell: Frozen Ramparts
  1764 | D:2      | Reached skill level 1 in Fighting
  1906 | D:2      | Noticed Robin
  1911 | D:2      | Reached XP level 4. HP: 28/28 MP: 3/7
  1920 | D:2      | Killed Robin
  2716 | D:3      | Reached XP level 5. HP: 33/33 MP: 6/9
  2989 | D:3      | Noticed Grinder
  3058 | D:2      | Learned a level 3 spell: Ozocubu's Armour
  3135 | D:3      | Found a runed translucent gate.
  3136 | D:3      | Found a runed translucent gate.
  3136 | D:3      | Found a runed translucent gate.
  3138 | D:3      | Noticed Cheivey's ghost (amateur FoFi)
  3215 | D:3      | Reached skill level 5 in Ice Magic
  4300 | D:3      | Paralysed by Grinder for 2 turns
  4304 | D:3      | Paralysed by Grinder for 6 turns
  4307 | D:3      | Slain by Grinder

Illustrated notes

Levels and vault maps discovered:
D:1:      dpeg_arrival_water_altar, layout_rooms
D:2:      layout_basic, minmay_pentomino_o4, uniq_robin
D:3:      layout_basic, gammafunk_ghost_necromancy, minmay_goblin_kobold_house,
          uniq_grinder

Skill      XL: |  1  2  3  4  5 |
---------------+----------------+-----
Stealth        | 3 |  3.8
Fighting       | 1 |  1.2
Spellcasting   | 3 |  3.5
Ice Magic      | 5 |  5.0
Dodging        | |  2.2

Action                   |  1- 3 |  4- 6 || total
-------------------------+-------+-------++-------
Melee: Unarmed           |     7 |     7 ||    14
       Constrict         |     3 |     8 ||    11
       Tentacles         |     2 |     3 ||     5
       Dagger            |       |    16 ||    16
 Cast: Freeze            |    36 |    53 ||    89
       Frozen Ramparts   |     1 |     6 ||     7
 Stab: Sleeping          |     1 |     1 ||     2
  Eat: Chunk             |     3 |     8 ||    11
Armor: Skin              |     1 |     2 ||     3
Dodge: Dodged            |    12 |    38 ||    50

Table legend:
 A = Non-vault XP
 B = Vault XP
 C = Vault XP percentage of total XP
 D = Non-vault monster count
 E = Vault monster count
 F = Vault count percentage of total count
                 A         B        C        D         E       F
            +---------+---------+-------+---------+---------+-------
      Total |     189 |      62 |  24.7 |      61 |      17 |  21.8
            +---------+---------+-------+---------+---------+-------
        D:1 |      36 |       0 |   0.0 |      17 |       0 |   0.0
        D:2 |      77 |      50 |  39.4 |      20 |      11 |  35.5
        D:3 |      76 |      12 |  13.6 |      24 |       6 |  20.0
            +---------+---------+-------+---------+---------+-------
